[Event "1000GM Saint Louis 2022"]
[Site "Saint Louis"]
[Date "2022.07.19"]
[Round "1.1"]
[White "Abrahamyan, Tatev"]
[Black "Woodward, Andy"]
[Result "0-1"]
[ECO "B90"]
[WhiteElo "2291"]
[BlackElo "2486"]
[Annotator "TA"]
[PlyCount "124"]
[EventDate "2022.07.20"]
[EventType "tourn"]
[EventCountry "USA"]
[SourceTitle "playchess.com"]
[Source "ChessBase"]
[SourceQuality "1"]
[TimeControl "5400+30"]

1. e4 c5 2. Nf3 d6 3. d4 cxd4 4. Nxd4 Nf6 5. Nc3 a6 6. f3 e5 7. Nb3 Be6 8. Be3 h5 9. Nd5 {[%emt 0:00:47] B90: Sicilian Najdorf: Unusual White 6th moves, 6 Be3 Ng4 and 6 Be3 e5.} Bxd5 10. exd5 Nbd7 11. Qd2 {[%emt 0:00:37] White is slightly better.} g6 12. O-O-O Nb6 13. Kb1 Nbxd5 14. Bg5 {[%emt 0:00:32] Hoping for Qxd5.} Be7 $1 15. Bd3 {[%emt 0:03:28] now scores much better than the old 15.g3.} (15. Bc4 $14) 15... Rc8 {[%emt 0:07:11] [#]} 16. g3 $146 ({Predecessor:} 16. Rhe1 O-O 17. h4 Nb6 18. g4 Nc4 19. Qg2 Kh8 20. Nd2 b5 21. Bxc4 bxc4 22. Bxf6+ Bxf6 {1-0 (30) Aronian,L (2772)-So,W (2760) Bucharest 2019}) 16... b5 17. Rhe1 Nb6 18. f4 Nfd7 19. Bxe7 Qxe7 20. Na5 (20. Bf1 $16) 20... O-O 21. f5 (21. Be4 $11) 21... Kg7 $15 22. Be4 {[%emt 0:04:34] Prevents d5.} d5 23. Bxd5 Nf6 24. Bf3 {[%emt 0:04:05] And now Nc6 would win.} ({Don't play} 24. Nc6 Qc5 25. Bh1 Rxc6 26. Bxc6 Qxc6 27. fxg6 Nc4 $17) (24. Bb7 $5 Rcd8 25. Nc6 Rxd2 26. Nxe7 Rxd1+ 27. Rxd1 $14) 24... Qc7 25. fxg6 fxg6 26. c3 Rfd8 {[%emt 0:04:28] Prevents Qd6.} 27. Qg5 Rxd1+ 28. Bxd1 Re8 29. Bc2 e4 $1 30. Nb3 Re5 31. Qd2 Nc4 32. Qe2 Nd5 33. Qf2 $2 ({Wrong is} 33. Bxe4 $2 Nf6 34. Qf2 Rxe4 $19) (33. Ka1 $11 {and White has nothing to worry.}) 33... e3 $19 34. Qe2 {[%emt 0:00:20] [#]} Nf6 ({Black should play} 34... Nxb2 $1 $19 35. Kxb2 Qxc3+ 36. Kb1 Nb6) 35. Nd4 a5 36. Qd3 Qf7 {[%emt 0:01:24] Active counter play!} 37. a4 (37. Kc1 $11) 37... b4 ({Black should try} 37... Ne4 $17 {White must now prevent ...Nc5.} 38. Ka1 (38. Nxb5 Ncd2+ 39. Ka1 Nc5 $15) 38... bxa4) 38. Kc1 Ng4 $1 {[%emt 0:01:20] Threatens to win with ...Nf2.} 39. Bb3 Qf2 40. Qe2 (40. Re2 $1 $15 Qf1+ 41. Qd1 Qxd1+ 42. Kxd1) 40... Nd2 41. Bc2 bxc3 42. bxc3 Nxh2 43. Rh1 Ng4 44. Qa6 Qf7 45. Bd3 Nf2 {[%emt 0:00:20] Against Rd1. Dancing on a razor blade. Pair of Knights!} 46. Re1 Nxd3+ 47. Qxd3 Qf2 48. Nc2 Nf3 49. Rxe3 {[%emt 0:00:48] [#]} Rxe3 (49... Qg1+ $1 $19 50. Kb2 Rxe3 51. Qxe3 Qxe3 52. Nxe3 Nd2) 50. Nxe3 $2 (50. Qxe3 $17 Qxe3+ 51. Nxe3) 50... Qxg3 {[%emt 0:00:10][%mdl 4096] Endgame KQN-KQN} 51. Qd7+ $2 (51. Qe4 Ne5 52. Qd4) 51... Kh6 52. Qe8 Ne5 53. Qh8+ Kg5 54. Qd8+ {[%emt 0:00:15] [#]} Kf4 $1 55. Nd5+ Ke4 56. Nf6+ Kf5 {[%emt 0:00:07] Strongly threatening ...Qg5+.} 57. Nd5 Qg5+ 58. Qxg5+ Kxg5 59. Kd2 h4 {[%emt 0:00:08][%cal Bh5h4,Bh4h3][%mdl 32] ( -> ...h3)} 60. Ne3 h3 {[%emt 0:00:10] Black mates.} 61. Nf1 Kf4 62. Ke2 g5 {[%emt 0:00:09] Weighted Error Value: White=0.76/Black=0.16 (very precise)} 0-1

[Event "1000GM Saint Louis 2022"]
[Site "Saint Louis"]
[Date "2022.07.19"]
[Round "1.3"]
[White "Belous, Vladimir"]
[Black "Chandra, Akshat"]
[Result "1/2-1/2"]
[ECO "A20"]
[WhiteElo "2519"]
[BlackElo "2485"]
[Annotator "TA"]
[PlyCount "81"]
[EventDate "2022.07.20"]
[EventType "tourn"]
[EventCountry "USA"]
[SourceTitle "playchess.com"]
[Source "ChessBase"]
[SourceQuality "1"]
[TimeControl "5400+30"]

1. c4 e5 2. g3 Nf6 3. Bg2 c6 4. Nf3 e4 5. Nd4 Qb6 (5... d5 {with more complications.} 6. d3 Bc5 7. Nb3 Bb6) 6. Nc2 {[%emt 0:01:18] A20: English Opening: 1...e5.} d5 7. cxd5 cxd5 8. Nc3 Nc6 9. O-O Be7 10. d3 O-O 11. Ne3 Rd8 12. dxe4 dxe4 13. Ned5 Nxd5 14. Nxd5 Qc5 15. Bxe4 {[%emt 0:11:47] [#] aiming for Be3.} Be6 16. b4 Nxb4 17. Be3 Rxd5 18. Bxc5 Rxd1 19. Bxe7 Rxa1 20. Rxa1 {[%emt 0:00:02] [#]} Nxa2 $146 ({Predecessor:} 20... Nc6 21. Bc5 Rd8 22. Bxc6 bxc6 23. Bxa7 Ra8 24. Bc5 Rxa2 {½-½ (24) Chibukhchian,A (2410)-Minasian,A (2457) Yerevan 2007}) 21. Bxb7 {[%emt 0:00:43] This bishop pair is nice.} Rb8 22. Ba6 Nb4 23. Bxb4 Rxb4 $11 {[%emt 0:00:01][%mdl 4096] Endgame KRB-KRB} 24. Bd3 Rb7 25. f4 g6 26. Kf2 Kg7 27. Kf3 h5 28. Ra6 Rc7 29. e4 Rc3 {[%emt 0:01:38] The position is equal.} 30. Ke2 Bc4 31. Bxc4 Rxc4 {[%emt 0:00:01] KR-KR} 32. Kd3 Rb4 33. Rxa7 Rb2 34. e5 Kf8 35. Kd4 Rxh2 36. e6 fxe6 37. Ke5 h4 38. Kf6 {[%emt 0:00:38][%cal Ra7a8] [#]} Ke8 39. g4 {[%emt 0:02:38] And now Re7+ would win.} Rf2 40. Kxe6 Kf8 41. Kf6 {[%emt 0:01:07] An interesting draw.  Weighted Error Value: White=0.02 (flawless) /Black=0.01 (flawless)} 1/2-1/2

[Event "1000GM Saint Louis 2022"]
[Site "Saint Louis"]
[Date "2022.07.19"]
[Round "1.4"]
[White "Mardov, Dimitar"]
[Black "Kretchetov, Alexandre"]
[Result "1-0"]
[ECO "C60"]
[WhiteElo "2396"]
[BlackElo "2219"]
[Annotator "TA"]
[PlyCount "83"]
[EventDate "2022.07.20"]
[EventType "tourn"]
[EventCountry "USA"]
[SourceTitle "playchess.com"]
[Source "ChessBase"]
[SourceQuality "1"]
[TimeControl "5400+30"]

1. e4 e5 2. Nf3 Nc6 3. Bb5 g6 4. d4 exd4 5. Bg5 Be7 6. Bxe7 Qxe7 7. O-O Qc5 {[%emt 0:00:28] C60: Ruy Lopez: Unusual Black 3rd moves and 3...g6.} 8. Ba4 Nge7 9. c3 {[%emt 0:00:48][%cal Rc3d4] [#]} d3 $146 {[%emt 0:00:39] White is slightly better.} ({Predecessor:} 9... dxc3 10. Nxc3 O-O 11. Rc1 Qh5 12. Nd5 Nxd5 13. exd5 Ne5 14. Nxe5 Qxe5 15. Qd2 b6 {0-1 (24) Kleijn,C (2383)-Karayev,A (2275) Kemer 2009}) 10. Qxd3 O-O 11. Nbd2 d6 12. Nd4 a6 13. f4 Nxd4 14. cxd4 Qb4 15. Bb3 d5 16. e5 Bf5 17. Qe3 a5 18. a3 Qb6 19. a4 c6 20. h3 h5 {[%emt 0:01:05] Against g4} 21. Rae1 (21. Rac1 $14 {deserves consideration.}) 21... Rac8 22. Rc1 Qb4 23. Qc3 b6 24. Qxb4 axb4 25. a5 bxa5 26. Rc5 Bd3 27. Ra1 Nf5 28. Nf3 Be4 29. g4 hxg4 ({Much worse is} 29... Bxf3 30. gxf5 gxf5 31. Kf2 $11) (29... Ng7 {is interesting.} 30. Ng5 Ne6 31. Rcxa5 Nxd4 32. Bd1 Ne6) 30. hxg4 Bxf3 (30... Ng7 $1 $15 31. Ng5 Ne6 32. Nxe4 dxe4 33. Rcxa5 Nxd4) 31. gxf5 $11 gxf5 32. Kf2 Bg4 (32... Be4 $11) 33. Rg1 (33. Ba4 $5 ) 33... Kh7 34. Bc2 {[%emt 0:01:49] [#] White wants to mate with Rxg4.} Kh6 35. Rxa5 Ra8 36. Rc5 {[%emt 0:00:30][%mdl 1024] White has compensation.} Rfc8 37. Bd3 (37. Bb1 $14) 37... Ra2 38. Rc2 {[%emt 0:00:30] [#] aiming for Ke3.} b3 39. Rd2 {[%emt 0:00:30] Strongly threatening Ke3.} Rg8 $2 (39... Rh8 $11) 40. Bxf5 $1 $18 {[%emt 0:00:30] White is clearly winning.} Bxf5 41. Rxg8 {[%emt 0:00:30] And now Ke3 would win.} Kh7 42. Rg5 {[%emt 0:00:30] Weighted Error Value: White=0.12 (very precise) /Black=0.15 (very precise)} 1-0

[Event "1000GM Saint Louis 2022"]
[Site "Saint Louis"]
[Date "2022.07.19"]
[Round "1.5"]
[White "Gauri, Shankar"]
[Black "Dragun, Kamil"]
[Result "0-1"]
[ECO "E18"]
[WhiteElo "2376"]
[BlackElo "2563"]
[Annotator "TA"]
[PlyCount "80"]
[EventDate "2022.07.20"]
[EventType "tourn"]
[EventCountry "USA"]
[SourceTitle "playchess.com"]
[Source "ChessBase"]
[SourceQuality "1"]
[TimeControl "5400+30"]

1. Nf3 Nf6 2. c4 e6 3. g3 b6 4. Bg2 Bb7 5. d4 Be7 6. O-O O-O 7. Nc3 Ne4 8. Bd2 f5 9. d5 Bf6 10. Qc2 Bxc3 11. Bxc3 exd5 {[%emt 0:00:13] E18: Queen's Indian: Old Main Line (4 g3 Bb7 5 Bg2 Be7 6 0-0 0-0 7 Nc3).} 12. cxd5 Bxd5 13. Be5 {[%emt 0:14:25] [#]} (13. Rad1 $11 c6 14. Bb4) 13... Nc6 $146 {[%emt 0:12:30] Black is slightly better.} ({Predecessor:} 13... c6 14. Rad1 Qe7 15. b3 Na6 16. Ba1 Nb4 17. Qb1 a5 18. a3 Na6 19. Nd4 Nac5 {0-1 (45) Hebden,M (2475)-Adams,M (2600) Sheffield 1991}) 14. Rfd1 Be6 15. Nd4 Nxd4 (15... Nxe5 $2 16. Nxe6 dxe6 17. Rxd8 Rfxd8 18. Qxc7 $18) 16. Rxd4 d6 17. Bf4 Qf6 18. Rad1 Qf7 (18... Bxa2 $2 19. Bxe4 fxe4 20. b3 $18) 19. Rc1 Rac8 (19... c5 $5 20. Bxe4 d5 21. Bxd5 Bxd5 $15) 20. Bxe4 fxe4 21. Qxe4 d5 22. Qe5 c5 23. Rdd1 (23. Rd2 $1 $15) 23... d4 $17 {[%emt 0:00:40] [#] Hoping for ...Rce8.} 24. b4 Rce8 ({Of course not} 24... cxb4 $6 25. Qxd4 Bc4 26. e4 $11) ({Resist} 24... Bxa2 25. bxc5 d3 26. cxb6 (26. exd3 Rfe8 $11) (26. Rxd3 Bc4 $11) 26... dxe2 27. Qxe2 axb6 28. Rxc8 Rxc8 29. Qa6 $14) ({Better is} 24... Rfe8 $17 25. bxc5 {[#]} Bb3 $1 26. axb3 Rxe5 27. Bxe5 Rxc5 28. Bxd4 Rxc1 29. Rxc1 Qxb3) 25. bxc5 $15 Bb3 $36 {[%emt 0:01:55][%mdl 2048] Black is pushing.} 26. Qxd4 (26. Qxe8 $1 $15 Rxe8 27. axb3) 26... bxc5 $17 27. Rxc5 Bxd1 28. Qxd1 Qxa2 29. Be3 a5 30. h4 a4 31. h5 (31. Rg5 $17 {might work better.}) 31... Qb3 32. Qd4 Qb1+ $2 ({Black should try} 32... Rd8 $19 33. Qe5 Rfe8) 33. Rc1 $15 Qe4 {[%emt 0:00:03] Strongly threatening ...Qxd4. The board is on fire.} 34. Qd6 {[%emt 0:00:27][%mdl 8192] This move loses the game for White.} (34. Qd2 $15) 34... Rf5 $19 35. Rc5 (35. Qd4 $142) 35... Rxc5 36. Qxc5 h6 37. Qd6 Re5 38. Qd8+ Kh7 39. Bd4 Rd5 40. Qb6 Rxd4 {[%emt 0:00:18] Weighted Error Value: White=0.82/Black=0.18 (very precise)} 0-1

[Event "1000GM Saint Louis 2022"]
[Site "Saint Louis"]
[Date "2022.07.19"]
[Round "2.1"]
[White "Woodward, Andy"]
[Black "Dragun, Kamil"]
[Result "1/2-1/2"]
[ECO "E11"]
[WhiteElo "2486"]
[BlackElo "2563"]
[Annotator "TA"]
[PlyCount "31"]
[EventDate "2022.07.20"]
[EventType "tourn"]
[EventCountry "USA"]
[SourceTitle "playchess.com"]
[Source "ChessBase"]
[SourceQuality "1"]
[TimeControl "5400+30"]

1. d4 Nf6 2. c4 e6 3. g3 Bb4+ 4. Bd2 Be7 5. Bg2 d5 6. Nf3 c6 7. O-O Nbd7 8. Qc2 O-O 9. Rd1 b6 10. b3 {[%emt 0:00:42] The position is equal.} a5 {[%emt 0:00:24] E11: Bogo-Indian.} 11. Bf4 Ba6 12. Nbd2 Nh5 13. Be3 Nhf6 14. Bf4 Nh5 15. Be3 {[%emt 0:00:45] [#]} Nhf6 $146 ({Predecessor:} 15... Rc8 16. Ne5 Qc7 17. Nxd7 Qxd7 18. Nf3 Nf6 19. Bf4 Rfd8 20. Ne5 Qe8 21. Qb2 Qf8 22. a3 h6 {0-1 (56) Thybo,J (2590)-Van Foreest,J (2702) Warsaw 2021}) 16. Bf4 {[%emt 0:01:43] An uneventful encounter.  Weighted Error Value: White=0.03 (flawless) /Black=0.03 (flawless)} 1/2-1/2

[Event "1000GM Saint Louis 2022"]
[Site "Saint Louis"]
[Date "2022.07.19"]
[Round "2.3"]
[White "Chandra, Akshat"]
[Black "Mardov, Dimitar"]
[Result "1-0"]
[ECO "E32"]
[WhiteElo "2485"]
[BlackElo "2396"]
[Annotator "TA"]
[PlyCount "67"]
[EventDate "2022.07.20"]
[EventType "tourn"]
[EventCountry "USA"]
[SourceTitle "playchess.com"]
[Source "ChessBase"]
[SourceQuality "1"]
[TimeControl "5400+30"]

1. d4 Nf6 2. c4 e6 3. Nc3 Bb4 4. Qc2 b6 5. e4 c5 6. d5 {[%emt 0:00:33] E32: Nimzo-Indian: Classical (4 Qc2): 4...0-0.} Qe7 7. Nge2 exd5 8. exd5 {[%emt 0:00:06] The position is equal.} O-O 9. Bg5 d6 10. O-O-O h6 11. Bh4 Nbd7 12. Ng3 Qe5 {[%emt 0:03:24] White must now prevent ...Bxc3.} 13. Qd2 {[%emt 0:03:57] And now Bd3 would win.} Bxc3 (13... Qd4 $11 {keeps the balance.} 14. Nf5 (14. Qxd4 cxd4 15. Bxf6 dxc3 $11) 14... Qg4 15. Bxf6 Nxf6 16. Nxd6 Ba6) 14. bxc3 $16 {[%emt 0:00:05] Hoping for Re1.} Ne4 15. Nxe4 Qxe4 16. f4 $1 Qg6 17. Bd3 f5 18. g4 {[%emt 0:01:36] White is more active.} Nf6 {[%emt 0:04:35] [#]} 19. Rhg1 $146 ({Predecessor:} 19. Bxf6 Qxf6 20. g5 Qg6 21. gxh6 Qxh6 22. Rhg1 Bd7 23. Rg5 Rae8 24. Rdg1 Rf6 25. Be2 {1-0 (45) Postny,E (2576)-Kozak,A (2450) Teplice 2018}) 19... Rb8 (19... a6 $16) 20. Rde1 $1 $18 {[%emt 0:06:29] Strongly threatening gxf5.} (20. gxf5 $6 Qh5 21. Qe1 (21. Qg2 Rb7 $11) 21... Rb7 $14) 20... Rb7 {[%emt 0:01:19] [#]} 21. Re6 $1 Bxe6 22. dxe6 Nxg4 (22... Qe8 {was necessary.}) 23. h3 Qh5 {[%emt 0:01:00] [#]} (23... Qxe6 24. hxg4 fxg4 25. Re1 (25. f5 Rxf5 26. Bxf5 Qxf5 $11)) 24. Qe1 (24. e7 $1 $18 Re8 25. Qe1 Rbxe7 26. Bxe7) 24... Nh2 $2 {[%emt 0:18:09] A mistake that costs the game.} (24... Ne3 $2 25. Be2 (25. Bf2 Qxh3 26. Bxe3 Qh2 $11) 25... Qe8 26. Bf3 $18) (24... g5 $16 25. e7 Re8 26. hxg4 Qxh4 27. Qe6+ Kg7 28. gxf5 (28. Bxf5 Rbxe7 29. Qg6+ Kf8 $17) 28... Qxf4+ 29. Kc2 Qf2+ 30. Kb3 Rexe7 31. Qg6+ Kf8 32. Qxh6+ Ke8 33. Qxg5 b5 34. cxb5 a6) 25. e7 Re8 {[%emt 0:01:33] aiming for ...Nf3.} 26. Qg3 {[%emt 0:03:17][%csl Gg1,LRg7,LRh2][%cal Rg3g7] The board is on fire.} ({Less strong is} 26. Bf6 Rbxe7 27. Bxe7 Nf3 28. Qe6+ Qf7 29. Qxf7+ Kxf7 $16) 26... Rbxe7 27. Bxe7 Rxe7 28. Qxh2 Re3 {[%emt 0:04:08] [#]} (28... Qf3 {was called for.}) 29. Qg2 $1 {[%emt 0:00:00][%csl Gg1][%cal Rg2g7] White is clearly winning.} Qf7 (29... Re7 30. Qd5+) 30. Kd2 Re6 {[%emt 0:01:00] [#]} (30... Re7 $142 31. Qd5 Re6) 31. Bxf5 $1 Rf6 (31... Re7 32. Bg6) 32. Qa8+ Qf8 33. Qxf8+ Kxf8 34. Bg6 {[%emt 0:00:03] Weighted Error Value: White=0.27 (precise) /Black=0.43} 1-0

[Event "1000GM Saint Louis 2022"]
[Site "Saint Louis"]
[Date "2022.07.19"]
[Round "2.4"]
[White "Yu, Jennifer"]
[Black "Belous, Vladimir"]
[Result "0-1"]
[ECO "E60"]
[WhiteElo "2268"]
[BlackElo "2519"]
[Annotator "TA"]
[PlyCount "130"]
[EventDate "2022.07.20"]
[EventType "tourn"]
[EventCountry "USA"]
[SourceTitle "playchess.com"]
[Source "ChessBase"]
[SourceQuality "1"]
[TimeControl "5400+30"]

1. d4 Nf6 2. c4 g6 3. g3 Bg7 4. Bg2 O-O 5. Nc3 d6 6. Nf3 Nbd7 7. O-O e5 8. e4 a6 9. Qc2 Re8 10. Rd1 exd4 11. Nxd4 Ne5 $1 {[%emt 0:03:48][%mdl 4] is now more promising than 11...Rb8. E60: King's Indian: Unusual lines and Fianchetto Variation without Nc3.} 12. c5 Bg4 (12... dxc5 13. Nf5 $1 (13. Nc6 Qxd1+ 14. Nxd1 Nxc6 $16) 13... Nfd7 14. Nxg7 Kxg7 15. f4 $16) 13. f3 Bd7 {[%emt 0:00:19] [#] White is better.} (13... dxc5 $2 14. Nf5 Nfd7 15. Nxg7 (15. fxg4 gxf5 16. g5 c4 $11) 15... Bxf3 16. Nxe8 Bxd1 17. Nxd1 $18) 14. cxd6 $146 (14. f4 $16 Nc4 15. b3) ({Predecessor:} 14. Nb3 Qe7 15. Bg5 Bc6 16. cxd6 cxd6 17. Rd4 h6 18. Bd2 Rac8 19. Re1 b5 20. Qd1 {0-1 (39) Strikovic,A (2501)-Tissir,M (2439) Lorca 2006}) 14... cxd6 $11 15. h3 Rc8 16. Qf2 b5 17. a3 Nc4 18. Nde2 Qa5 {[%emt 0:05:32] Strongly threatening ...b4.} 19. Ra2 (19. Rb1 {with more complications.} d5 20. Bg5 Qb6 21. b3) 19... Qc7 20. b3 Ne5 21. Be3 (21. Rc2 $5 ) 21... Be6 22. Rb2 Qd7 23. Qf1 Qe7 24. f4 Ned7 25. Bd4 Nc5 $1 26. b4 Nb3 27. Qf3 (27. Bxf6 $11 Bxf6 28. Rc2) 27... Nxd4 $17 28. Nxd4 Qa7 29. Kh1 Bc4 (29... Nxe4 $6 30. Nxe4 Bxd4 31. Rbd2 $11) (29... Bd7 $1 $17) 30. Rbd2 $11 Re7 (30... Qc7 $11 {remains equal.}) 31. e5 $1 $36 {[%emt 0:01:02][%mdl 2048] White is really pushing.} Nh5 (31... dxe5 $16 {was called for.} 32. Nc6 Qc7) 32. Nc6 $2 (32. exd6 Rd7 33. g4 Bxd4 $18) (32. g4 $18) 32... Rxc6 33. Qxc6 Nxg3+ 34. Kh2 Bh6 35. Rxd6 {[%emt 0:01:23] White wants to mate with Rd8+.} (35. Kxg3 Qe3+ 36. Bf3 Bxf4+ 37. Kg2 Qxe5 $17) (35. Qc8+ $6 Kg7 36. exd6 (36. Kxg3 $2 Qe3+ 37. Bf3 Bxf4+ 38. Kg2 Qxc3 $19) 36... Bxf4 37. dxe7 Nf1+ 38. Kh1 Ng3+ 39. Kh2 Nf1+ 40. Kh1 Ng3+ 41. Kh2 $11) 35... Nh5 (35... Kg7 $16) 36. R1d4 Kg7 (36... Bxf4+ $2 37. Rxf4 $1 Qe3 38. Rd8+ (38. Rf3 Qxe5+ 39. Kg1 Qe1+ 40. Bf1 Re3 $18) 38... Kg7 39. Re4 $1 (39. Rf3 Qxe5+ 40. Kg1 Qe1+ 41. Bf1 Bxf1 $16) 39... Qg3+ 40. Kg1 Qxc3 41. Qd6 Qc1+ 42. Kh2 $18 (42. Qd1 Qxd1+ 43. Rxd1 Ng3 $16)) 37. f5 ({Better is} 37. Rd8 $1 $18) 37... Rxe5 $11 {[%emt 0:01:03] Threatens to win with ...Bf4+.} (37... Bf4+ $2 38. Rxf4 $1 Qe3 39. Qf3 $1 Rxe5 40. Qxe3 Rxe3 41. Rf3 $18) 38. Rxc4 {[%emt 0:01:35] Rg4 is the strong threat.} (38. Qxa6 Qe7 39. f6+ (39. Nd5 $2 Rxd5 40. Re4 Rxd6 $19) 39... Nxf6 40. Rxf6 Qxf6 41. Qxf6+ Kxf6 $17) 38... Rxf5 $2 (38... Re1 $11 39. f6+ (39. Qc5 $2 bxc4 40. Bf3 Qxc5 $19) 39... Nxf6 $1 40. Rxf6 bxc4) 39. Rcd4 $2 (39. Re4 $1 $18 {And now Nd5 would win.} Bf4+ 40. Rxf4 $1 Nxf4 41. Ne4) 39... Qe7 $1 40. Re4 {[%emt 0:00:48] Inhibits Qe5+.} Qg5 (40... Bf4+ $11 41. Rxf4 Nxf4) 41. Rg4 $2 (41. Ne2 $1 $18 {Hoping for h4.} Rf2 42. Qc3+ (42. Re8 Nf6 $16) 42... Nf6 43. Ng3) 41... Qe3 42. Rdd4 $2 (42. Ne4 $11 {and White has nothing to worry.} Bf4+ 43. Rxf4 $1 Qxf4+ 44. Kh1) 42... Qe5+ $19 43. Kh1 {[%emt 0:00:05] [#]} Ng3+ ({Not} 43... Qe1+ $2 44. Kh2 Qe5+ 45. Kh1 Ng3+ 46. Rxg3 Qxg3 47. Re4 $19) 44. Rxg3 Qxg3 45. Re4 {[%emt 0:01:31] Prevents Qe1+.} Bf4 ({Inferior is} 45... Rf2 46. Rg4 Qe3 47. Ne4 Qe1+ 48. Kh2 Bf4+ 49. Rxf4 Rxf4 50. Qxa6 $11) 46. Rxf4 Rxf4 47. Nd5 Rf2 48. Qc3+ Qxc3 {[%emt 0:00:05] The board is on fire.} 49. Nxc3 Rc2 50. Ne4 Ra2 51. Nc5 Rxa3 52. Kh2 (52. Kg1 $142) 52... a5 53. bxa5 Rxa5 54. Bf1 b4 55. Nb3 Re5 56. Kg2 Re3 57. Bc4 f5 58. Nd2 Kf6 59. h4 h6 60. Kf2 Rc3 {[%emt 0:00:24] aiming for ...g5.} 61. Ke2 g5 62. hxg5+ hxg5 63. Kf2 g4 {[%emt 0:00:05] ( -> ...g3+)} 64. Bg8 Ke5 (64... g3+ $142 65. Kg1 Rc1+ 66. Kg2 Rc2 67. Kxg3 Rxd2) 65. Nb3 f4 {[%emt 0:00:11] Weighted Error Value: White=1.00/Black=0.39} 0-1

[Event "1000GM Saint Louis 2022"]
[Site "Saint Louis"]
[Date "2022.07.19"]
[Round "2.5"]
[White "Abrahamyan, Tatev"]
[Black "Eswaran, Ashritha"]
[Result "1-0"]
[ECO "B10"]
[WhiteElo "2291"]
[BlackElo "2394"]
[Annotator "TA"]
[PlyCount "71"]
[EventDate "2022.07.20"]
[EventType "tourn"]
[EventCountry "USA"]
[SourceTitle "playchess.com"]
[Source "ChessBase"]
[SourceQuality "1"]
[TimeControl "5400+30"]

1. e4 c6 2. Nf3 d5 3. d3 dxe4 4. dxe4 Qxd1+ 5. Kxd1 Nf6 6. Nbd2 {[%emt 0:03:04][%cal Bb1d2,Bd2c4,Bc4a5][%mdl 32] B10: Caro-Kann: 2 d3 and 2 c4.} Nbd7 7. Ne1 g5 8. Nd3 {[%emt 0:02:03] White has an edge.} Rg8 {[%emt 0:03:13] [#]} 9. a4 $146 ({Predecessor:} 9. c3 e5 10. Kc2 Nc5 11. f3 Nxd3 12. Bxd3 Be6 13. Bc4 g4 14. Bxe6 fxe6 15. g3 {0-1 (57) Khanin,S (2506)-Dragun,K (2557) ICC INT 2021}) 9... e5 10. f3 Bd6 (10... g4 $14) 11. Nc4 $16 Bc7 12. Bd2 b5 ({Black should play} 12... g4 $14) 13. Na5 {[%emt 0:07:20] White is more active.} Nb8 14. axb5 cxb5 15. Nc5 Kf8 (15... a6 $142 16. Nab3 Nfd7 17. Bxb5 g4) 16. Bxb5 $18 Nbd7 17. Nd3 Nb6 18. Bc6 Rb8 19. Bc3 Be6 20. Nxe5 ({But not} 20. Bxe5 Bxe5 21. Nxe5 Kg7 $18) 20... h5 21. Nd3 Nfd7 22. Nb3 Nc8 23. Nd4 Ke7 24. Ba4 Ra8 25. Nxe6 fxe6 26. Ke2 Nf6 27. Bb3 {[%emt 0:02:51] White is clearly winning.} Bb6 28. Bb4+ Kf7 29. Ne5+ Kg7 30. Bc3 Re8 31. Rhd1 Kh6 32. Bd2 Nh7 33. h4 Re7 34. hxg5+ Nxg5 35. Rh1 {[%emt 0:00:06][%cal Oh1h5] Rxh5+! would kill now.} Bc7 {[%emt 0:00:50] [#]} 36. Rxh5+ $3 {[%emt 0:00:17][%mdl 512] Weighted Error Value: White=0.09 (flawless) /Black=0.39} 1-0